 Dungeon Crawl Stone Soup version 0.32-a0-433-g08bcfe7efd (webtiles) character file.

Game seed: 9950424397818073897

44 Bravepunisher the Ducker (level 3, -12/19 HPs)
             Began as a Spriggan Gladiator on Feb 22, 2024.
             Killed from afar by a white imp (13 damage)
             ... with a puff of frost
             ... on level 5 of the Dungeon.
             The game lasted 00:04:23 (540 turns).

Bravepunisher the Ducker (Spriggan Gladiator)        Turns: 540, Time: 00:04:23

Health: -12/19     AC:  2    Str: 10    XL:     3   Next: 41%
Magic:  4/4        EV: 19    Int:  9    God:
Gold:   51         SH:  0    Dex: 18    Spells: 2/2 levels left

rFire   . . .        a - +0 rapier
rCold   . . .        (no shield)
rNeg    . . .        b - +0 robe
rPois   .            c - +0 hat
rElec   .            (no cloak)
rCorr   .            (gloves unavailable)
SInv    +            (boots unavailable)
Will    .....        (no amulet)
Stlth   ++           (no ring)
HPRegen 0.23/turn    (no ring)
MPRegen 0.09/turn

%: no passive effects
@: very quick
A: very small, no large weapons, unfitting armour, see invisible, speed 3
a: no special abilities


You were on level 5 of the Dungeon.
You visited 1 branch of the dungeon, and saw 6 of its levels.

You collected 51 gold pieces.

Inventory:

Hand Weapons
 a - a +0 rapier (weapon)
Missiles
 d - 3 throwing nets (quivered)
 e - 2 boomerangs
Armour
 b - a +0 robe (worn)
 c - a +0 hat (worn)
Scrolls
 f - a scroll of teleportation {unknown}


   Skills:
 * Level 2.7 Fighting
 - Level 3.3 Short Blades
 - Level 2.0 Throwing
 + Level 4.7 Dodging


You had 2 spell levels left.
You didn't know any spells.
Your spell library was empty.

Dungeon Overview and Level Annotations

Branches:
Dungeon (6/15)
 Temple: D:4-7

Altars:
Vehumet
Xom

Portals:
Sewer: D:5


Innate Abilities, Weirdness & Mutations

You are very small and have problems with some larger weapons.
You are too small for most types of armour.
You have supernaturally acute eyesight. (SInv)
You cover ground extremely quickly. (Speed+++)


Message History

Found 19 gold pieces.
The bombardier beetle sprays incendiary fluid at you.
The burning spray misses you.
Found 11 gold pieces.
A ball python and a giant cockroach come into view.
Found a glowing drain.
The ball python hisses angrily.
A giant cockroach comes into view.
An ufetubus comes into view.
Found a halberd.
There is an open door here.
You see here a +0 halberd.
The white imp shouts, "Slither hence, thou clouted toad-spotted dandiprat!"
There is an open door here.
The white imp shouts!
The ball python attacks as it pursues you!
The ball python barely misses you. The ball python closely misses you.
The white imp gestures at you. The puff of frost hits you.
You see here a scroll labelled NYDUNG USOFF.
The white imp misses you.
You hear the slow rusting of a distant drain.
The white imp closely misses you. The white imp gestures at you.
The puff of frost hits you!
* * * LOW HITPOINT WARNING * * *
The white imp gestures at you. The puff of frost misses you.
The white imp gestures at you. The puff of frost hits you.
* * * LOW HITPOINT WARNING * * *
The white imp gestures at you. The puff of frost misses you.
The puff of frost hits the ball python.
The ball python dies!
The white imp gestures at you. The puff of frost misses you.
The white imp gestures at you. The puff of frost hits you!
Ouch! That really hurt!
You die...

#..###.###.....# ...?#
##..#...#..###.# ...
#.........###.#
#######!h..##.######
###########.##.##.).#
##.....#####.##....#.#
##..###....##.......#)#
#..#...†..5.5.####.##.#
#.#.......5.@)#<##....#
#.#.#...5..B..#...#####
#...#...........#.#
#####....B........#
###.##........# ###
#...........# #..
#######.....########.#
####.?..##.....##
#....##'###.B)


You could see 3 white imps, an ufetubus and 2 giant cockroaches.

Vanquished Creatures
  An orc priest (D:5)
  A white imp (D:5)
  An orc (D:5)
  An endoplasm (D:2)
  A hobgoblin (D:1)
  A jackal (D:2)
  A quokka (D:1)
  A frilled lizard (D:2)
  A rat (D:2)
9 creatures vanquished.

Vanquished Creatures (others)
  A ball python (D:5)
1 creature vanquished.

Grand Total: 10 creatures vanquished

Notes
Turn   | Place    | Note
-------+----------+-------------------------------------------
     0 | D:1      | Bravepunisher the Spriggan Gladiator began the quest for
                  | the Orb.
     0 | D:1      | Reached XP level 1. HP: 10/10 MP: 2/2
   222 | D:4      | Noticed an iguana
   222 | D:4      | Found a shimmering altar of Xom.
   318 | D:5      | Entered Level 5 of the Dungeon
   322 | D:5      | Noticed an orc priest
   335 | D:5      | Reached XP level 2. HP: 15/15 MP: 3/3
   340 | D:5      | Reached XP level 3. HP: 13/19 MP: 4/4
   427 | D:5      | Found a radiant altar of Vehumet.
   430 | D:5      | Noticed an ice beast
   435 | D:5      | Noticed an ice beast
   440 | D:5      | Noticed a scorpion
   452 | D:6      | Noticed a bullfrog
   463 | D:6      | Noticed a bullfrog
   483 | D:5      | Found a glowing drain.
   540 | D:5      | Killed from afar by a white imp

Illustrated notes

Levels and vault maps discovered:
D:1:      erik_arrival_orb_chamber, layout_loops_cross
D:2:      layout_rooms, uniq_natasha
D:3:      layout_loops_cross, nicolae_uskayaw_dance_hall, st_stairs_10
D:4:      minmay_chambers_of_fours, layout_layer_cave, amcnicky_altar_gilded,
          minivault_24, kennysheep_generic_room_5
D:5:      layout_basic, mainiacjoe_overflow_alcove_1, vehumet_crystals,
          serial_demonic, serial_demonic_a, serial_demonic_d, serial_demonic_a,
          serial_demonic_b, portal_sewer_entry_a
D:6:      layout_cave_pools, tso_metal_star

Skill      XL: |  1 |
---------------+----+-----
Fighting       | 2 |  2.7
Short Blades   | |  3.3
Throwing       | |  2.0
Dodging        | |  4.7

Action                     || total
---------------------------++-------
  Melee: Rapier            ||    32
 Armour: Robe              ||    17
  Dodge: Dodged            ||    45

Table legend: (Time is in decaauts)
 A = Elapsed time spent in this place.
 B = Non-inter-level travel time spent in this place.
 C = Inter-level travel time spent in this place.
 D = Time resting spent in this place.
 E = Time spent auto-exploring this place.
 F = Levels seen in this place.
 G = Mean time per level.
                   A        B        C        D        E       F      G
               +--------+--------+--------+--------+--------+-----+--------+
         Total |    378 |    378 |      0 |     65 |     78 |   6 |   63.0 |
       Dungeon |    378 |    378 |      0 |     65 |     78 |   6 |   63.0 |
               +--------+--------+--------+--------+--------+-----+--------+

Top non-repeatable levels by time:
     D:5: 154 daAuts
     D:1: 72 daAuts
     D:2: 71 daAuts
     D:4: 58 daAuts
     D:6: 11 daAuts
     D:3: 10 daAuts
